 Dungeon Crawl Stone Soup version 0.27.1-4-g1640c2035a (webtiles) character file.

Game seed: 13798188517976908703

363 croobank the Sneak (level 6, -3/76 HPs)
             Began as a Demigod Delver on Nov 16, 2021.
             Slain by an ogre (23 damage)
             ... on level 5 of the Dungeon.
             The game lasted 00:36:29 (6225 turns).

croobank the Sneak (Demigod Delver)                 Turns: 6225, Time: 00:36:29

Health: -3/76      AC: 23    Str: 21    XL:     6   Next: 15%
Magic:  8/8        EV:  2    Int: 12    God:
Gold:   113        SH:  0    Dex: 15    Spells: 3/5 levels left

rFire    . . .     SeeInvis .   a - +0 hand axe
rCold    + . .     Faith    .   (no shield)
rNeg     + + +     Spirit   .   (armour currently unavailable)
rPois    +         Reflect  .   (helmet currently unavailable)
rElec    .         Harm     .   (cloak currently unavailable)
rCorr    .         Rampage  .   (gloves currently unavailable)
Will     .....     NoTele   +   (boots currently unavailable)
Stlth    +++.......             (no amulet)
HPRegen  0.22/turn              m - ring of poison resistance
MPRegen  0.11/turn              n - ring of protection from cold

@: tree-form, weak-willed
A: stationary, stasis, torment immunity, boosted hp, high mp 1, forlorn
a: no special abilities


You were on level 5 of the Dungeon.
You were a tree.
You visited 1 branch of the dungeon, and saw 5 of its levels.

You collected 113 gold pieces.

Inventory:

Hand Weapons
 a - a +0 hand axe (weapon)
 b - a +0 spear
 g - a +0 rapier
 i - a +0 short sword
 l - a +0 spear
 q - a +1 falchion of flaming
 u - a +1 dagger of electrocution
Missiles
 f - 140 stones
Armour
 v - a +4 ring mail (melded)
Magical Staves
 k - a staff of cold
Jewellery
 m - a ring of poison resistance (left branch)
 n - a ring of protection from cold (right branch)
Wands
 e - a wand of flame (4) (quivered)
 o - a wand of polymorph (10)
Scrolls
 c - a scroll of fog
 d - a scroll of magic mapping
 h - a scroll of enchant weapon
 w - a scroll of vulnerability
Potions
 j - 2 potions of mutation
 p - 2 potions of attraction
 r - a potion of ambrosia


   Skills:
 + Level 3.3 Fighting
 + Level 3.9 Axes
 + Level 2.8 Armour
 + Level 2.5 Dodging
 + Level 5.1 Stealth
 + Level 0.6 Evocations


You had 3 spell levels left.
You knew the following spells:

 Your Spells              Type           Power      Damage    Failure   Level
a - Magic Dart            Conj           0%         1d3       32%         1
b - Sting                 Tmut/Pois      0%         1d3       32%         1

Your spell library contained the following spells:

 Spells                   Type           Power      Damage    Failure   Level
 Call Imp                 Summ           0%         N/A       45%         2
 Poisonous Vapours        Pois/Air       0%         N/A       45%         2
 Sublimation of Blood     Necr           0%         N/A       45%         2
 Mephitic Cloud           Conj/Pois/Air  0%         N/A       69%         3
 Olgreb's Toxic Radiance  Pois           0%         N/A       97%         4
 Petrify                  Tmut/Erth      0%         N/A       97%         4
 Irradiate                Conj/Tmut      0%         3d13      100%        5
 Iskenderun's Battlesphe  Conj           0%         2d6       100%        5
 Iron Shot                Conj/Erth      0%         9d1       100%        6
 Spellforged Servitor     Conj/Summ      0%         N/A       100%        7


Dungeon Overview and Level Annotations

Branches:
Dungeon (5/15)
 Temple: D:4-7

Annotations:
D:4 Blork the orc


Innate Abilities, Weirdness & Mutations

You are a tree.
Your roots penetrate the ground, keeping you stationary.
You cannot be teleported.
You are immune to unholy pain and torment.
Your maximum health is greatly increased.
Your equipment is partially melded.
Your attributes grow dramatically as you level up.
You have an increased reservoir of magic. (+10% MP)
You shall have no god before yourself.


Message History

The orc closely misses you. The orc hits you with a +0 morningstar!
As you read the scroll of teleportation, it crumbles to dust.
You feel strangely unstable. The orc closely misses you.
Casting: Magic Dart (safe; 47% risk of failure)
Confirm with . or Enter, or press ? or * to list all spells.
Okay, then.
Aiming: Throw Flame
Press: ? - help, Shift-Dir - straight line, f/p - orc
Aim: an orc, wielding a +0 morningstar and wearing a +0 leather armour (severely wounded, weak-willed, 68% to hit)
The puff of flame hits the orc.
You kill the orc!
Okay, then.
It was a potion of lignification.
You turn into a tree.
Your +4 ring mail melds into your body.
Your roots penetrate the ground.
You feel strangely stable. The orc hits you but does no damage.
You hit the ogre.
The ogre is lightly wounded.
You closely miss the orc. The ogre hits you but does no damage.
The orc hits you but does no damage.
You hit the ogre.
The ogre is lightly wounded.
You hit the orc. The orc hits you with a +0 hand axe.
The ogre hits you with a +0 giant spiked club!
* * * LOW HITPOINT WARNING * * *
Aiming: Polymorph
Press: ? - help, Shift-Dir - straight line, f - orc
Aim: an orc, wielding a +0 hand axe (lightly wounded, weak-willed, will become a rat, a goblin, or a frilled lizard, chance to affect: 65%)
Okay, then.
As you read the scroll labelled OLIDOT UMUI, it crumbles to dust.
You feel a surge of unholy energy.
The ogre convulses!
The orc convulses!
It was a scroll of torment.
The orc hits you but does no damage. The ogre hits you but does no damage.
You closely miss the ogre.
The ogre is heavily wounded.
You hit the orc but do no damage. The orc hits you but does no damage.
You slash the ogre!
The ogre is severely wounded.
You closely miss the orc.
The ogre hits you with a +0 giant spiked club!!
You die...

############
#..§o§§§§..#
#.##§§§§§..#
......
#.##§o§§§..#
#Y....
#.####§#####
#.... #.#
#§# #... #.#
§o§ #.. #o#
$.... #.#
#♣#...o..o
#.#######.
#O#...o...#
..........
..+......>+
....##....
##.#/......#
....##... #
#.# ....'...
.. ..+
....##.. .#
#.# ....#
...# # #..
....###.#.#.


You could see an ogre and an orc (weak-willed).

Vanquished Creatures
  A scorpion (D:5)
  2 hounds
  2 orc wizards
  Terence (D:2)
  7 adders
  3 worms
  2 dart slugs (D:2)
  7 orcs
  8 ball pythons
  3 endoplasms
  16 giant cockroaches
  8 goblins
  7 hobgoblins
  5 quokkas
  5 bats
  3 frilled lizards
  4 kobolds
  4 rats
88 creatures vanquished.

Notes
Turn   | Place    | Note
-------+----------+-------------------------------------------
     0 | D:5      | croobank the Demigod Delver began the quest for the Orb.
     0 | D:5      | Reached XP level 1. HP: 18/18 MP: 3/3
    30 | D:5      | Noticed a scorpion
    36 | D:5      | Noticed an iguana
   439 | D:1      | Reached XP level 2. HP: 20/25 MP: 4/4
  1549 | D:2      | Reached XP level 3. HP: 31/31 MP: 5/5
  1587 | D:2      | Reached skill level 1 in Armour
  1632 | D:2      | Learned a level 1 spell: Magic Dart
  1634 | D:2      | Learned a level 1 spell: Sting
  1899 | D:2      | Noticed Terence
  2499 | D:2      | Reached XP level 4. HP: 36/38 MP: 6/6
  2619 | D:2      | Killed Terence
  2943 | D:3      | Reached skill level 5 in Stealth
  4061 | D:3      | Reached XP level 5. HP: 39/45 MP: 7/7
  4463 | D:4      | Noticed Blork the orc
  5034 | D:5      | Noticed an ogre
  5308 | D:5      | Noticed an ice beast
  5977 | D:5      | Reached XP level 6. HP: 14/51 MP: 8/8
  6225 | D:5      | Slain by an ogre

Illustrated notes

Levels and vault maps discovered:
D:1:      dpeg_arrival_pits, layout_loops_ring, minmay_stone_trees_small
D:2:      minmay_roachtagon, layout_basic, uniq_terence
D:3:      layout_basic
D:4:      layout_layer_cave, nemelex_diamond_rough_becter, corexii_checkpoint_a,
          chequers_serial_rivers_large_a, uniq_blork_the_orc
D:5:      layout_basic, minmay_chambers_of_fives

Skill      XL: |  1  2  3  4  5 |
---------------+----------------+-----
Axes           | 2 3 |  3.9
Fighting       | 3 |  3.3
Armour         | 1 2 |  2.8
Dodging        | 2 |  2.5
Stealth        | 5 |  5.1
Evocations     | |  0.6

Action                   |  1- 3 |  4- 6 || total
-------------------------+-------+-------++-------
Melee: Hand axe          |   193 |   191 ||   384
Evoke: Wand              |     4 |    12 ||    16
  Use: Scroll            |     8 |     9 ||    17
       Potion            |     2 |     2 ||     4
 Stab: Sleeping          |     9 |     4 ||    13
Armor: Leather armour    |    68 |    17 ||    85
       Ring mail         |       |    56 ||    56
       Skin              |       |     6 ||     6
Dodge: Dodged            |   151 |   114 ||   265
